[Event "34th MPL National U14-ch 2022"]
[Site "Ahmedabad"]
[Date "2022.05.12"]
[Round "7.3"]
[White "Mayank Chakraborty"]
[Black "Arpith S Bijoy"]
[Result "1-0"]
[ECO "B16"]
[WhiteElo "2015"]
[BlackElo "1713"]
[Annotator "TA"]
[PlyCount "52"]
[EventDate "2022.05.09"]
[EventType "swiss"]
[EventCountry "IND"]
[SourceTitle "playchess.com"]
[Source "ChessBase"]
[SourceQuality "1"]
[TimeControl "5400+30"]

1. e4 c6 2. d4 d5 3. Nd2 dxe4 4. Nxe4 Nf6 5. Nxf6+ gxf6 6. c3 Bf5 7. Bd3 Bg6 8. Ne2 e6 {[%emt 0:00:46] B16: Caro-Kann: Bronstein-Larsen Variation.} 9. h4 {[%emt 0:05:06] [#]} Rg8 $146 ({Predecessor:} 9... Bd6 10. h5 Bxd3 11. Qxd3 Qc7 12. Bh6 f5 13. g3 Nd7 14. O-O-O O-O-O 15. c4 Qa5 16. Kb1 {½-½ (49) Cherry,A (1948)-Chojnacki,S (2198) Chess.com INT 2022}) 10. Nf4 Bxd3 {[%emt 0:00:58] White has an edge.} 11. Qxd3 f5 12. Bd2 Bd6 13. O-O-O Qa5 (13... Nd7 $11 {keeps the balance.}) 14. Qc4 {[%emt 0:11:31][%cal Of4e6] [#] Threatens to win with Nxe6!} Bxf4 15. Bxf4 {[%emt 0:00:05] Rhe1 is the strong threat.} Nd7 16. Bg5 Qd5 17. Qb4 f6 {[%emt 0:02:11] And now ...a5 would win.} 18. c4 $1 $36 {[%emt 0:00:23][%mdl 2048] Black is under pressure.} (18. Qxb7 Rb8 19. Qxa7 fxg5 20. hxg5 Rg7 $11) 18... c5 (18... a5 $14 19. cxd5 (19. Qxb7 $2 Qxc4+ 20. Kb1 Rb8 $19) 19... axb4 20. dxe6 fxg5 21. exd7+ Kxd7) 19. cxd5 $16 {[%emt 0:01:01] White is more active.} cxb4 20. dxe6 fxg5 21. exd7+ Kxd7 22. hxg5 {[%emt 0:00:02] KRR-KRR} Rac8+ (22... Rxg5 $16 23. Rxh7+ Kd6) 23. Kd2 $18 Rxg5 24. Rxh7+ {[%emt 0:00:06] White has a decisive advantage.} Kd6 {[%emt 0:00:43] [#]} 25. Rdh1 $1 ({Don't take} 25. Rxb7 $6 Rxg2 26. Rf1 (26. Rxa7 Rxf2+ 27. Ke3 Rxb2 $11) 26... Rh8 27. Rxb4 (27. Rxa7 Rhh2 $18) 27... Rhh2 $18) 25... Rxg2 26. R1h6+ Kd5 {[%emt 0:44:05] Weighted Error Value: White=0.09 (flawless) /Black=0.25 (precise)} 1-0

[Event "34th MPL National U14-ch 2022"]
[Site "Ahmedabad"]
[Date "2022.05.12"]
[Round "7.4"]
[White "Bharadia Yash"]
[Black "Anubhav Rawat"]
[Result "1-0"]
[ECO "B72"]
[WhiteElo "1924"]
[BlackElo "1329"]
[Annotator "TA"]
[PlyCount "75"]
[EventDate "2022.05.09"]
[EventType "swiss"]
[EventCountry "IND"]
[SourceTitle "playchess.com"]
[Source "ChessBase"]
[SourceQuality "1"]
[TimeControl "5400+30"]

1. e4 c5 2. Nf3 d6 3. d4 cxd4 4. Nxd4 Nf6 5. Nc3 g6 6. Be3 a6 7. f3 {[%emt 0:00:38] B72: Sicilian Dragon: 6 Be3, lines with h3+Bc4 and sidelines.} b5 8. Qd2 (8. Nd5 {with more complications.} Bg7 9. Nxb5 axb5 10. Bb6) 8... Bb7 9. O-O-O {[%emt 0:00:37] White has an edge.} h5 {[%emt 0:01:03] Prevents g4.} 10. Kb1 Nbd7 11. Bd3 b4 {[%emt 0:20:58] [#]} 12. Na4 $146 (12. Nd5 $5) ({Predecessor:} 12. Nd5 Bxd5 13. exd5 Nxd5 14. Ne6 Qa5 15. Bd4 Bh6 16. Qe1 N7f6 17. Bc4 fxe6 18. Qxe6 {0-1 (29) Urazayev,A (2429)-Yang,K (2481) Chess.com INT 2021}) 12... Qa5 13. b3 d5 (13... e5 $14) 14. Rhe1 (14. e5 $18 {is more deadly.}) 14... e5 {[%emt 0:12:30] [#]} 15. exd5 $1 Nxd5 {[%emt 0:07:52] [#]} 16. Bc4 $1 Nxe3 (16... Be7 17. Nc6) 17. Rxe3 (17. Qxe3 $16 {[%cal Od4e6] Black must now prevent Ne6!} Qc7 18. f4) 17... O-O-O $1 $11 18. Bxf7 exd4 19. Qxd4 Bc5 20. Qc4 {[%emt 0:00:06] Hoping for Be6.} Kb8 (20... Qc7 $11 21. Nxc5 Nxc5) 21. Red3 $14 {[%emt 0:00:37][%mdl 64] Deflection. White is more active.} Ne5 22. Qxc5 ({Of course not} 22. Rxd8+ Rxd8 23. Rxd8+ Qxd8 24. Qxc5 Nxf7 $11) 22... Rxd3 23. Qxa5 {[%emt 0:00:17] Chess con chili.} Rxd1+ 24. Kb2 Nxf7 25. Qxb4 {[%emt 0:00:39] aiming for Qf4+.} Ka8 {[%emt 0:01:14] [#]} (25... Rc8 $14) 26. Nc5 (26. Qe7 $1 $16 Nd6 27. Qf6) 26... Nd6 $11 27. a4 Rc8 28. Nd3 Nf5 29. Qf4 {[%emt 0:03:30] Prevents Ne3.} Rg1 30. g4 hxg4 31. fxg4 Nh4 {[%emt 0:02:09] [#]} (31... Rg2 $1 $11 32. Ne1 (32. gxf5 Rcxc2+ 33. Ka3 a5 $11) 32... Rg1 33. gxf5 Rxe1 34. fxg6 Rg1) 32. Qb4 $1 $18 Rg2 33. Nc5 Bf3 (33... Rxc5 34. Qxc5 Rxg4) 34. Qb6 Rxg4 35. Qxa6+ Kb8 36. Qb6+ Ka8 37. Nd7 (37. Qa5+ $142 Kb8 38. Nd7+ Kb7 39. Qb6+ Ka8 40. Qa6#) 37... Bb7 38. Qa5+ {[%emt 0:00:05] Weighted Error Value: White=0.17 (very precise) /Black=0.72} 1-0

[Event "34th MPL National U14-ch 2022"]
[Site "Ahmedabad"]
[Date "2022.05.12"]
[Round "7.5"]
[White "Aswath S"]
[Black "Koustuv Dash"]
[Result "1/2-1/2"]
[ECO "B15"]
[WhiteElo "1694"]
[BlackElo "1910"]
[Annotator "TA"]
[PlyCount "80"]
[EventDate "2022.05.09"]
[EventType "swiss"]
[EventCountry "IND"]
[SourceTitle "playchess.com"]
[Source "ChessBase"]
[SourceQuality "1"]
[TimeControl "5400+30"]

1. e4 c6 2. d4 d5 3. Nc3 dxe4 4. Nxe4 Nf6 5. Nxf6+ exf6 6. Nf3 Bd6 7. Bd3 {[%emt 0:00:09] 7.Bd3 scores better than 7.Be2.} O-O 8. O-O Re8 9. h3 {[%emt 0:00:43] B15: Caro-Kann: 3 Nc3: 3...g6 and 3...dxe4 4 Nxe4 Nf6 5 Nxf6+ exf6.} Nd7 10. Re1 Nf8 11. Be3 {[%emt 0:02:29] White is slightly better.} Ng6 12. c4 Be6 {[%emt 0:00:43] [#]} 13. Rc1 $146 ({Predecessor:} 13. Qd2 Qd7 14. Bf1 Bf5 15. Rad1 Rad8 16. a3 Be4 17. Nh2 Qc7 18. Nf3 Bxf3 19. gxf3 Nh4 {0-1 (101) Moussard,J (2630)-Svane,R (2648) Chess.com INT 2022}) 13... Qd7 14. a3 a5 15. a4 Bb4 16. Bd2 Bf8 17. b3 Ba3 18. Rc2 Ne7 19. Bc3 Ng6 20. Bd2 Ne7 21. Bc3 Ng6 $1 22. Bd2 Bd6 23. d5 cxd5 (23... Bxh3 $5 24. gxh3 Qxh3 25. Bxg6 Qg4+ 26. Kh1 Qh3+ 27. Kg1 Qg4+ 28. Kh1 Qh3+ 29. Kg1 $11) 24. c5 {[%emt 0:00:25] [#] Threatens to win with Bb5.} Bf8 (24... Be5 $14) 25. Bb5 $16 {[%emt 0:00:20] 0x0.0026dcb9a76bdp-1022s more active pieces.} Qc7 26. Bxe8 Rxe8 27. Nd4 Bxc5 {[%emt 0:02:21] [#]} (27... Ne5 $16 {was called for.}) 28. Nb5 (28. b4 $1 $18 {and White stays clearly on top.} axb4 29. Bxb4) 28... Qb6 29. Bxa5 Bxf2+ 30. Rxf2 Qxa5 31. Qd2 Qb6 32. Qd4 {[%emt 0:00:44][%mdl 1024] White has compensation.} Qa5 33. Qd2 Qb6 34. Qe3 Qa5 35. Qd2 Qb6 36. Kh1 Ne5 {[%emt 0:00:38][%cal Oe5d3] ...Nd3! is the strong threat.} 37. Rfe2 Rd8 {[%emt 0:00:45] The position is equal.} 38. Qd4 Qa5 39. Qd2 Qb6 40. Qd4 Qa5 {[%emt 0:00:05] Weighted Error Value: White=0.17 (very precise) /Black=0.10 (very precise)} 1/2-1/2

[Event "34th MPL National U14-ch 2022"]
[Site "Ahmedabad"]
[Date "2022.05.12"]
[Round "7.6"]
[White "Jval Saurin Patel"]
[Black "Shaik Sumer Arsh"]
[Result "0-1"]
[ECO "E25"]
[WhiteElo "1712"]
[BlackElo "1999"]
[Annotator "TA"]
[PlyCount "122"]
[EventDate "2022.05.09"]
[EventType "swiss"]
[EventCountry "IND"]
[SourceTitle "playchess.com"]
[Source "ChessBase"]
[SourceQuality "1"]
[TimeControl "5400+30"]

1. d4 Nf6 2. c4 e6 3. Nc3 Bb4 4. f3 d5 5. a3 Bxc3+ 6. bxc3 c5 7. cxd5 Nxd5 8. dxc5 Qa5 9. e4 Nf6 10. Be3 O-O 11. Qb3 Qc7 {[%emt 0:01:03] E25: Nimzo-Indian: Sämisch: 5...c5 6 f3 d5 7 cxd5.} 12. Ne2 {[%emt 0:21:33] [#]} e5 $146 {[%emt 0:16:42] Against Nf4} (12... Nfd7 $1 $11) ({Predecessor:} 12... Nfd7 13. Nd4 Nxc5 14. Qc4 b6 15. Nb5 Qc6 16. Rd1 Nbd7 17. Be2 Ba6 18. O-O Ne5 19. Qb4 {0-1 (33) Abdalla,L (2230)-Mareco,S (2503) Sao Jose dos Pinhais 2010}) 13. c4 $14 Na6 {[%emt 0:03:45] White is slightly better.} 14. Nc3 Nxc5 15. Qc2 Bd7 16. Be2 Qa5 17. O-O Rfc8 18. f4 (18. Qb2 $16) 18... Bg4 $11 19. Bf3 (19. fxe5 $11 Bxe2 20. Qxe2) 19... Bxf3 (19... exf4 {with more complications.} 20. e5 fxe3 21. exf6 Bxf3 22. Rxf3 Ne6) 20. Rxf3 Ne6 {[%emt 0:01:14] Pair of Knights!} 21. fxe5 $2 (21. Nd5 $11 {and White stays safe.}) 21... Qxe5 $19 22. Qd3 Rd8 ({Not} 22... Ng4 23. Rg3 Rd8 24. Qf1 $17) 23. Qc2 Ng4 24. g3 (24. Rg3 {might work better.} Nxe3 25. Rxe3) 24... Nd4 25. Bxd4 Qxd4+ ({And not} 25... Rxd4 26. Qe2 Qc5 27. Kh1) 26. Kh1 Ne3 27. Qc1 Nxc4 28. Qe1 (28. Qg1 {is the only way for White.}) 28... Ne5 29. Re3 (29. Rf1 $142) 29... Ng4 $2 (29... Nd3 30. Rxd3 Qxd3) 30. Re2 Rac8 31. Rd1 Qc5 32. Nd5 Re8 33. Qf1 (33. h3 $142 Ne5 34. Qb4) 33... Qc4 ({But not} 33... Qxa3 $2 34. Kg2 $19) 34. Rde1 Rc6 35. Qf4 Nf6 36. Qg5 Rce6 {[%emt 0:00:28] [#] Threatens to win with ...Nxd5.} 37. Nxf6+ Rxf6 38. e5 (38. Qd5 $17 {was called for.} Qc7 39. Rd2) 38... Qd5+ 39. Kg1 Qd4+ 40. Kg2 Qd5+ 41. Kg1 Qc5+ 42. Re3 $2 (42. Qe3 $17 Qxe3+ 43. Rxe3) 42... Rfe6 $2 (42... Rf3 43. Kg2 {[#]} h6 $1 44. Qxh6 gxh6 45. Kxf3 Qd5+ 46. Kf2 Kg7) 43. Qf4 $2 (43. Kh1) 43... Rxe5 44. Kf2 Rxe3 45. Rxe3 Qxe3+ 46. Qxe3 Rxe3 47. Kxe3 {[%emt 0:00:17][%mdl 4096] Endgame KP-KP} f5 {[%emt 0:00:23] Strongly threatening ...Kf7.} 48. Kd4 Kf7 {[%emt 0:00:03] ...g6 is the strong threat.} 49. Ke5 g6 50. h3 Ke7 51. g4 fxg4 {[%emt 0:00:03] Black mates.} 52. hxg4 h5 53. gxh5 gxh5 54. Kf5 b5 55. Kg5 a5 56. Kxh5 b4 57. axb4 axb4 58. Kg6 b3 59. Kh7 b2 60. Kg7 b1=Q 61. Kh8 Qg1 {[%emt 0:00:00] Weighted Error Value: White=0.88/Black=0.51} (61... Kf6 $142 62. Kg8 Qg6+ 63. Kh8 Qg7#) 0-1

[Event "34th MPL National U14-ch 2022"]
[Site "Ahmedabad"]
[Date "2022.05.12"]
[Round "7.7"]
[White "Sahib Singh"]
[Black "Agarwal Mukund H"]
[Result "1/2-1/2"]
[ECO "B25"]
[WhiteElo "1991"]
[BlackElo "1696"]
[Annotator "TA"]
[PlyCount "62"]
[EventDate "2022.05.09"]
[EventType "swiss"]
[EventCountry "IND"]
[SourceTitle "playchess.com"]
[Source "ChessBase"]
[SourceQuality "1"]
[TimeControl "5400+30"]

1. e4 c5 2. Nc3 Nc6 3. f4 g6 4. Nf3 Bg7 5. g3 d6 6. Bg2 e6 7. O-O Nge7 8. d3 O-O 9. Be3 Nd4 {[%emt 0:01:52] 9...b6 might become the main line.} 10. e5 Nef5 11. Bf2 $1 Nxf3+ {[%emt 0:00:39] B25: Closed Sicilian: 3 g3, lines without early Be3.} (11... Bd7 {seems wilder.} 12. Ne4 Nxf3+ 13. Bxf3 Bc6) 12. Bxf3 (12. Qxf3 $11 Qb6 13. Rab1) 12... dxe5 13. Bxc5 (13. fxe5 $15 Bxe5 14. Bxc5) 13... exf4 $19 {[%emt 0:04:52] Black is clearly better.} 14. Bxf8 Bd4+ ({Better is} 14... Qb6+ $19 15. Kh1 Kxf8) 15. Kh1 $17 {[%emt 0:00:04] [#] And now Ba3 would win.} Qxf8 {[%emt 0:00:37] [#]} 16. gxf4 $146 ({Predecessor:} 16. Be4 Qh6 17. gxf4 Ng3+ 18. Kg2 e5 19. f5 Nxf1 20. Qxf1 gxf5 21. Bd5 Be6 22. Kh1 {0-1 (35) Pralgauskas,S (2129)-Dzjuba,V (2279) Plateliai 2000}) 16... Ne3 17. Qe2 Nxf1 18. Rxf1 Rb8 (18... Qb4 $142 19. Nd1 Bxb2 20. Nxb2 Qxb2) 19. Ne4 Bd7 20. c3 Bg7 21. d4 Qc8 22. Qg2 b6 23. Ng5 h6 24. Ne4 Qc7 25. Qg3 Qc4 (25... Bb5 $15 26. Re1 h5) 26. Rg1 $11 Qc7 27. Nf2 Kh7 28. Ng4 Qd6 (28... Bc6 $11) 29. f5 Qxg3 {[%emt 0:00:30] The position is equal.} 30. fxg6+ fxg6 31. Rxg3 Rf8 {[%emt 0:01:57] White happily takes the draw.  Weighted Error Value: White=0.25 (precise) /Black=0.20 (precise)} 1/2-1/2

[Event "34th MPL National U14-ch 2022"]
[Site "Ahmedabad"]
[Date "2022.05.12"]
[Round "7.8"]
[White "Reyan"]
[Black "Ankit Ray"]
[Result "1/2-1/2"]
[ECO "B30"]
[WhiteElo "1590"]
[BlackElo "1932"]
[Annotator "TA"]
[PlyCount "72"]
[EventDate "2022.05.09"]
[EventType "swiss"]
[EventCountry "IND"]
[SourceTitle "playchess.com"]
[Source "ChessBase"]
[SourceQuality "1"]
[TimeControl "5400+30"]

1. e4 c5 2. Nc3 e6 3. Nf3 Nc6 4. Bb5 Nd4 5. O-O a6 6. Bd3 d6 (6... Nxf3+ $11 7. Qxf3 Bd6) 7. Nxd4 $14 {[%emt 0:01:16] B30: Sicilian: 2...Nc6 3 Bb5, lines without ...g6.} cxd4 8. Ne2 e5 9. c3 {[%emt 0:00:16] White is slightly better.} dxc3 10. dxc3 Nf6 11. c4 Be7 {[%emt 0:02:48] [#]} 12. f3 $146 ({Predecessor:} 12. Nc3 Be6 13. b3 O-O 14. Qe2 Rc8 15. Bb2 Qb6 16. Kh1 Nd7 17. Rad1 g6 18. Bb1 {1-0 (43) Stukopin,A (2555)-Ginsburg,M (2315) Redmond 2021}) 12... Qb6+ 13. Kh1 Be6 14. Nc3 h5 15. Qe2 h4 16. Be3 Qd8 17. Rfd1 Nh5 18. Kg1 (18. Qd2 $16) 18... Kf8 (18... Rc8 $11 {remains equal.}) 19. Bc2 (19. Qd2 $16) 19... Qc7 (19... Nf4 $11 20. Qf1 Kg8) 20. Nd5 Bxd5 21. Rxd5 Rc8 22. Bb3 Nf6 23. Rd2 {[%emt 0:01:06] White is more active.} Nd7 24. Rad1 Nc5 25. Bxc5 (25. Rd5 $16) 25... Qxc5+ $11 {[%emt 0:02:29] The position is equal.} 26. Qf2 g6 27. Qxc5 Rxc5 28. Rd5 Rc7 29. c5 Rxc5 30. Rxc5 dxc5 {[%emt 0:00:05][%mdl 4096] Endgame KRB-KRB} 31. Rd7 b5 32. Bd5 g5 33. Ra7 Rh6 34. Ra8+ Kg7 35. Ra7 Kf8 36. Ra8+ Kg7 {[%emt 0:00:07] Weighted Error Value: White=0.15 (very precise) /Black=0.14 (very precise)} 1/2-1/2

[Event "34th MPL National U14-ch 2022"]
[Site "Ahmedabad"]
[Date "2022.05.12"]
[Round "7.9"]
[White "Divesh G"]
[Black "Abhash Roimya Saikia"]
[Result "0-1"]
[ECO "A03"]
[WhiteElo "1303"]
[BlackElo "1794"]
[Annotator "NA RC COMBH"]
[PlyCount "148"]
[EventDate "2022.05.09"]
[EventType "swiss"]
[EventCountry "IND"]
[SourceTitle "playchess.com"]
[Source "ChessBase"]
[SourceQuality "1"]
[TimeControl "5400+30"]

1. f4 d5 2. Nf3 Nf6 3. g3 c5 4. Bg2 h5 5. c3 Nc6 6. d3 Bg4 7. Qb3 Bxf3 8. Bxf3 Qd7 9. e4 e6 10. e5 Ng8 11. Qd1 h4 12. g4 g5 13. Qe2 gxf4 14. Bxf4 Nge7 15. Be3 Nxe5 16. Bxc5 N7g6 17. Be3 Qb5 18. O-O Qxd3 19. Qxd3 Nxd3 20. Be2 Bc5 21. Bxd3 Bxe3+ 22. Kh1 Rg8 23. Na3 Ke7 24. Rae1 Bc5 25. Nb5 a6 26. Nc7 Rad8 27. c4 dxc4 28. Bxc4 Nf8 29. Nd5+ Kd6 30. Rd1 Rxg4 31. Ne3+ Rd4 32. Rxf7 Rxd1+ 33. Nxd1 b5 34. Be2 Ng6 35. Nc3 Bd4 36. Rf3 Ke7 37. Nd1 Rd6 38. Kg2 e5 39. Kf1 Nf4 40. b3 Rg6 41. Ne3 Ke6 42. a4 Nd5 43. Ng2 e4 44. Rh3 Rf6+ 45. Ke1 bxa4 46. bxa4 a5 47. Bc4 Kd6 48. Bxd5 Kxd5 49. Nxh4 Rh6 50. Ng2 Rxh3 51. Nf4+ Kc4 52. Nxh3 Kb3 53. Ng5 e3 54. Ne6 Bf6 55. Nc5+ Kb4 56. Nb7 Kxa4 57. Ke2 Bg5 58. h4 Bh6 59. Nc5+ Kb4 60. Nd3+ Kc3 61. Nc5 Kc4 62. Na4 Kb4 63. Nb2 a4 64. Nd3+ Kc3 65. Nc1 a3 66. h5 Kc2 67. Na2 Kb2 68. Nb4 a2 69. Nxa2 Kxa2 70. Kd3 Kb3 71. Ke2 Kc2 72. Ke1 Kd3 73. Kd1 e2+ 74. Ke1 Bd2+ 0-1

[Event "34th MPL National U14-ch 2022"]
[Site "Ahmedabad"]
[Date "2022.05.12"]
[Round "7.10"]
[White "Kavin Oviyan R"]
[Black "Bagwe Gaurang"]
[Result "0-1"]
[ECO "D17"]
[WhiteElo "1299"]
[BlackElo "1789"]
[Annotator "NA RC COMBH"]
[PlyCount "99"]
[EventDate "2022.05.09"]
[EventType "swiss"]
[EventCountry "IND"]
[SourceTitle "playchess.com"]
[Source "ChessBase"]
[SourceQuality "1"]
[TimeControl "5400+30"]

1. Nf3 d5 2. d4 c6 3. c4 Nf6 4. Nc3 dxc4 5. a4 Bf5 6. Ne5 e6 7. f3 Bb4 8. e4 Bxe4 9. fxe4 Nxe4 10. Bd2 Qxd4 11. Nxe4 Qxe4+ 12. Qe2 Bxd2+ 13. Kxd2 Qd5+ 14. Kc2 Na6 15. Rd1 Qa5 16. Kb1 O-O 17. Nxc4 Qxa4 18. Qc2 Qxc2+ 19. Kxc2 Nb4+ 20. Kb3 Nd5 21. Be2 a5 22. Bf3 a4+ 23. Ka3 b5 24. Bxd5 cxd5 25. Ne3 b4+ 26. Ka2 Rfc8 27. Rc1 f6 28. Rxc8+ Rxc8 29. Rd1 Kf7 30. Rd4 b3+ 31. Kb1 Ra8 32. Rb4 Ra7 33. Nd1 a3 34. Rxb3 axb2 35. Kxb2 d4 36. Kc2 e5 37. Kd3 Ke6 38. h3 Kd5 39. Rb5+ Kc6 40. Rb2 f5 41. Rf2 g6 42. g4 Ra3+ 43. Kc4 f4 44. Re2 Kd6 45. Nf2 Rc3+ 46. Kb4 Kd5 47. g5 f3 48. Ra2 Re3 49. Ng4 Ke4 {[%emt 0:00:00] Check Result:-5.82} 50. Kc4 0-1

[Event "34th MPL National U14-ch 2022"]
[Site "Ahmedabad"]
[Date "2022.05.12"]
[Round "8.1"]
[White "Kadam Om Manish"]
[Black "Mayank Chakraborty"]
[Result "0-1"]
[ECO "B33"]
[WhiteElo "2144"]
[BlackElo "2015"]
[Annotator "TA"]
[PlyCount "54"]
[EventDate "2022.05.09"]
[EventType "swiss"]
[EventCountry "IND"]
[SourceTitle "playchess.com"]
[Source "ChessBase"]
[SourceQuality "1"]
[TimeControl "5400+30"]

1. e4 c5 2. Nf3 Nc6 3. d4 cxd4 4. Nxd4 Nf6 5. Nc3 e5 6. Ndb5 d6 7. a4 a6 8. Na3 Bg4 9. f3 Be6 10. Bc4 Rc8 11. Nd5 {[%emt 0:00:30] B33: Sicilian: Pelikan and Sveshnikov Variations.} Nb4 12. c3 {[%emt 0:00:30] [#]} Nbxd5 $146 ({Predecessor:} 12... Nxe4 13. fxe4 Qh4+ 14. Kf1 Qxe4 15. Nxb4 Rxc4 16. Qf3 a5 17. Qxe4 Rxe4 18. Nbc2 Rxa4 {0-1 (43) Kenworthy,G (2299)-Cox,T (2062) Sunningdale 2007}) 13. exd5 {[%emt 0:00:30] The position is equal.} Bf5 14. Be3 Nd7 15. O-O Be7 16. Qd2 O-O 17. b4 Bg6 18. Bb3 f5 19. Kh1 (19. Nc4 $11) 19... f4 $17 20. Bg1 e4 21. fxe4 Bg5 {[%emt 0:00:30] White must now prevent ...f3.} 22. Bd4 $2 {[%emt 0:00:30] [#] This move loses the game for White.} (22. Qe1 $17) 22... f3 $1 $19 23. Qc2 {[%emt 0:00:30] [#]} Bf6 $1 24. Qd3 (24. Bxf6 fxg2+ 25. Qxg2 Nxf6 26. Bc2 Rxc3 27. Kg1) 24... Ne5 {[%emt 0:00:30] Black is clearly winning.} 25. Qe3 Bg5 {[%emt 0:00:30][%mdl 64] Deflection} 26. Qf2 Bxe4 27. g3 Nd3 {[%emt 0:00:30] Weighted Error Value: White=0.94/Black=0.09 (flawless)} 0-1

[Event "34th MPL National U14-ch 2022"]
[Site "Ahmedabad"]
[Date "2022.05.12"]
[Round "8.2"]
[White "Vaz, Ethan"]
[Black "John Veny Akkarakaran"]
[Result "0-1"]
[ECO "C06"]
[WhiteElo "1792"]
[BlackElo "1855"]
[Annotator "NA RC COMBH"]
[PlyCount "150"]
[EventDate "2022.05.09"]
[EventType "swiss"]
[EventCountry "IND"]
[SourceTitle "playchess.com"]
[Source "ChessBase"]
[SourceQuality "1"]
[TimeControl "5400+30"]

1. e4 e6 2. d4 d5 3. Nd2 Nf6 4. e5 Nfd7 5. Bd3 c5 6. c3 Nc6 7. Ne2 cxd4 8. cxd4 f6 9. exf6 Nxf6 10. Nf3 Bd6 11. O-O Qc7 12. Nc3 a6 13. Re1 O-O 14. h3 Bd7 15. Be3 Rae8 16. Rc1 Qb8 17. a3 Re7 18. b4 Be8 19. Na4 (19. b5 $5 Na5 20. Qa4 $14 (20. bxa6 bxa6 21. Bxa6 Bxa3 $16)) 19... Bh5 20. Be2 Ne4 21. Nc3 Nxc3 22. Rxc3 Bf4 23. g4 Bg6 24. Bd3 Bxe3 25. Rxe3 Bxd3 26. Qxd3 Qf4 27. Rc2 h5 28. g5 e5 29. Qb3 e4 $2 (29... exd4 $19 30. Rxe7 (30. Qxd5+ $2 Qf7 $19) 30... Nxe7) 30. Qxd5+ $11 Kh7 31. g6+ Kxg6 32. Rc5 Kh7 33. Qxh5+ Kg8 34. Qd5+ Ref7 35. Qxe4 Qxe4 36. Rxe4 Rxf3 37. d5 Nd8 38. Rd4 Rxf2 39. Rc8 R2f7 40. Kg2 Rd7 41. Kg3 Rf5 42. d6 Rf6 43. Rc7 Rdxd6 44. Rg4 Rd3+ 45. Kg2 Rf7 46. Rc8 Kh7 47. Rh4+ Kg6 48. Rg4+ Kf6 49. Rf4+ Ke7 50. Rc7+ Rd7 51. Re4+ Ne6 52. Rc2 Rf4 53. Re3 Rfd4 54. Rce2 R7d6 55. Kf2 Rd3 56. Re4 Rxh3 57. a4 g5 58. Kg2 Rh4 59. Rxh4 gxh4 60. Re4 Rd4 61. Re5 Rxb4 62. a5 Kd6 63. Re1 Nc5 64. Kh3 Kc6 65. Re5 Kb5 66. Rh5 Rc4 67. Kg2 Kxa5 68. Kf3 b5 69. Ke3 Kb4 70. Kd2 a5 71. Rf5 a4 72. Rf1 a3 73. Rb1+ Nb3+ 74. Kd3 a2 75. Rh1 a1=Q 0-1

[Event "34th MPL National U14-ch 2022"]
[Site "Ahmedabad"]
[Date "2022.05.12"]
[Round "8.3"]
[White "Koustuv Dash"]
[Black "Bharadia Yash"]
[Result "1-0"]
[ECO "E11"]
[WhiteElo "1910"]
[BlackElo "1924"]
[Annotator "TA"]
[PlyCount "109"]
[EventDate "2022.05.09"]
[EventType "swiss"]
[EventCountry "IND"]
[SourceTitle "playchess.com"]
[Source "ChessBase"]
[SourceQuality "1"]
[TimeControl "5400+30"]

1. d4 Nf6 2. c4 e6 3. Nf3 b6 4. g3 Bb7 5. Bg2 Bb4+ 6. Bd2 Bxd2+ 7. Qxd2 O-O 8. Nc3 d5 9. Ne5 Nbd7 10. O-O a6 {[%emt 0:17:33] E11: Bogo-Indian.} 11. Rfd1 {[%emt 0:01:51] [#]} Qe7 $146 ({Predecessor:} 11... Rc8 12. Rac1 Qe7 13. cxd5 exd5 14. Bh3 Rfd8 15. Qg5 Qd6 16. Rc2 h6 17. Qf4 Qe7 18. Nxd7 Nxd7 {1-0 (33) Villamayor,B (2560)-Roca,P (2394) Vung Tau 2001}) 12. Rac1 Rfd8 {[%emt 0:00:31] White is slightly better.} 13. Qg5 h6 14. Qh4 Qf8 15. Qf4 Rac8 16. Nxd7 {[%emt 0:12:26] White is much more active.} Rxd7 17. cxd5 exd5 (17... Nxd5 $11 {and Black stays safe.} 18. Nxd5 Bxd5) 18. Bh3 $18 Rd6 19. Bxc8 Qxc8 20. Nb1 {[%emt 0:02:49][%cal Bc3b1,Bb1d2,Bd2f3,Bf3e5][%mdl 32] Black must now prevent Qxd6.} Qd7 21. Nd2 c6 22. Nf3 Ne4 23. Ne5 Qe8 24. Nd3 Re6 $2 (24... g5 $16 25. Qf3 Re6) 25. Qc7 $1 Bc8 (25... Qe7 $142 26. Qxb6 c5) 26. Ne5 c5 {[%emt 0:00:00] [#]} 27. dxc5 Re7 28. Qb8 (28. Qxb6 Rxe5 29. f4 Rh5 $15) 28... b5 (28... Rxe5 29. cxb6 Bd7 30. Qxe8+ Rxe8 31. Rxd5 Nf6) 29. Rxd5 Nf6 {[%emt 0:00:00] [#]} 30. Rcd1 (30. Rd8 $3 $18 Qxd8 31. Nc6) 30... Nxd5 $14 31. Rxd5 {[%emt 0:00:02] c6 is the strong threat.} f6 {[%emt 0:00:00] [#]} 32. Qb6 $1 Kh7 $1 $132 {[%emt 0:00:00][%mdl 2048] Black has counterplay} (32... fxe5 $2 33. Rd8 $18) 33. Rd8 Qh5 34. Rxc8 (34. Nc6 Rxe2 $1 35. Rh8+ Kxh8 36. Qd8+ Kh7 37. Qd1 Qf3) 34... Qxe2 {[%emt 0:00:00][%mdl 8192] [#]} (34... Rxe5 $11 {and Black is okay.} 35. Qb7 (35. Qxa6 $2 Rxe2 36. Qxb5 Qf3 $19) 35... Rxe2) 35. Rh8+ $3 $18 Kxh8 {[%emt 0:00:00][%mdl 4096] Endgame KQR-KQN} 36. Ng6+ Kh7 37. Nxe7 Qe1+ 38. Kg2 Qe4+ {[%emt 0:00:09] [#]} 39. Kh3 $1 Qxe7 {[%emt 0:00:36] KQ-KQ} 40. Qc6 {[%emt 0:02:06] Inhibits Qd7+.} Qe2 41. Kg2 {[%emt 0:01:43] Hoping for Qd5.} ({Worse is} 41. Qxa6 Qf1+ 42. Kg4 h5+ 43. Kf3 Qh1+ 44. Ke2 Qe4+ 45. Kf1 Qh1+ 46. Ke2 Qe4+ 47. Kf1 Qh1+ 48. Ke2 $11) 41... Qxb2 $2 (41... Qc4 $18 42. a3 Qd4) 42. Qe4+ Kh8 43. c6 Qc3 44. Qe8+ Kh7 45. Qd7 {[%emt 0:00:00] White mates.} Qc2 46. c7 Qe4+ 47. Kh3 f5 48. c8=Q Qg4+ 49. Kg2 Qe4+ 50. Kf1 Qb1+ {[%emt 0:00:09] [#]} 51. Ke2 $1 Qe4+ 52. Kd2 Qb4+ 53. Qc3 Qb1 54. Qc2 Qb4+ 55. Qc3 $2 {[%emt 0:16:49][%mdl 32768] Weighted Error Value: White=0.22 (precise) /Black=0.66. Loss on time!?} (55. Ke3 {mates} Qg4 56. Qdxf5+ Qxf5 57. Qxf5+ Kg8 58. f4 a5 59. Qd7 b4 60. f5) 1-0